AoeStats
← Zumoshi

Arena

507960247Analyzed
1v1 RM · 13d ago on Sep 20, 2026· 56m 33s· 2 players
Game mode
Random Map
Map size
Tiny (2 player)
Population
200
Speed
Normal
Resources
Standard
Victory
Conquest
Starting age
Dark Age
Ending age
Imperial Age
RankedLock teamsTeams togetherTeam positionsShared explorationLock speedFull tech treeHidden civsTurbo modeCheats
Victory
Defeat
1188
+17
🇮🇱 Khmer · Israel
1210
-17
начальник цеха
11:57 Feudal Age
15:44 Castle Age
14:24 Double-Bit Axe
15:19 Loom
15:55 Horse Collar
16:04 Light Cavalry
25:57 Wheelbarrow
26:41 Heavy Plow
28:00 Hand Cart
27:54 Town Watch
28:22 Gold Mining
28:22 Stone Mining
28:47 Fletching
29:13 Husbandry
29:23 Bloodlines
29:24 Bodkin Arrow
29:31 Padded Archer Armor
31:19 Leather Archer Armor
31:45 Ballistics
34:32 Imperial Age
32:40 Gold Shaft Mining
32:59 Stone Shaft Mining
33:21 Thumb Ring
33:48 Scale Barding Armor
33:54 Forging
33:51 Town Patrol
34:45 Elite Mangudai
35:53 Conscription
36:13 Parthian Tactics
35:50 Bracer
36:54 Chemistry
36:32 Capped Ram
38:07 Siege Ram
39:28 Bow Saw
40:18 Chain Barding Armor
40:34 Iron Casting
39:22 Hussar
41:13 Hoardings
44:03 Blast Furnace
43:17 Masonry
45:14 Scale Mail Armor
45:23 Siege Engineers
45:29 Fortified Wall
45:42 Drill
46:02 Nomads
45:33 Sappers
49:19 Onager
Zumoshi
10:25 Feudal Age
14:13 Castle Age
12:38 Double-Bit Axe
14:47 Pikeman
21:06 Bow Saw
20:38 Horse Collar
26:12 Wheelbarrow
26:08 Loom
26:55 Town Watch
28:09 Gold Mining
28:11 Stone Mining
29:23 Padded Archer Armor
29:31 Scale Barding Armor
31:01 Chain Barding Armor
30:56 Husbandry
31:13 Heavy Plow
31:41 Bloodlines
35:54 Imperial Age
34:37 Forging
33:50 Light Cavalry
35:44 Hand Cart
36:15 Iron Casting
36:57 Double Crossbow
37:34 Plate Barding Armor
37:45 Siege Engineers
38:11 Ballistics
39:03 Chemistry
38:11 Hussar
39:41 Crop Rotation
40:50 Blast Furnace
39:52 Fletching
39:51 Elite Ballista Elephant
45:32 Conscription
Connection lost

Rejoining the realm…

Still unreachable

The connection could not be restored.

Session expired

The server has moved on; the page needs a fresh start.